Map: Muro dorado EE

Players

Honimikki

  • Race: Terran Terran
  • League: Gold
  • Spawn Location: 5:00

MrFercho - Winner!

  • Race: Zerg Zerg
  • League: Gold
  • Spawn Location: 7:00

VOD

Have the link to the VOD?

Description

Time

  • Played on: July 20, 2020, 11:07 p.m.
  • Length: 15:29
Show
View Real Time Build Order
Export as new Build Order

Honimikki Terran 

Build Orders:  

Get SALT Encoding   

  12  0:04  SCV  
  13  0:16  SCV  
  13  0:19  Supply Depot  
  14  0:28  SCV  
  15  0:39  Refinery  
  15  0:44  Barracks  
  15  0:51  SCV  
  16  1:19  SCV  
  17  1:26  Barracks  
  17  1:31  Marine, SCV  
  19  1:33  Supply Depot  
  19  1:44  Refinery  
  19  1:46  SCV  
  20  1:58  Marine  
  20  1:59  SCV  
  22  2:06  Command Center  
  22  2:11  SCV  
  22  2:14  Marine  
  24  2:24  Marine  
  25  2:30  SCV  
  26  2:40  Barracks Tech Lab  
  26  2:43  SCV  
  27  2:45  Marine  
  28  2:55  Orbital Command  
  28  3:01  Combat Shield  
  28  3:10  Supply Depot  
  28  3:13  Supply Depot  
  28  3:14  Barracks Reactor  
  28  3:15  Supply Depot  
  28  3:18  Orbital Command  
  28  3:44  Factory  
  28  3:46  SCV  
  28  3:47  SCV  
  30  3:58  SCV  
  30  3:59  SCV  
  32  4:09  Factory  
  32  4:11  SCV x2  
  34  4:20  Stimpack  
  34  4:23  SCV x2  
  36  4:34  Factory Tech Lab  
  36  4:35  SCV x2  
  38  4:42  Starport  
  38  4:47  Refinery x2, SCV x2  
  40  4:59  SCV x2  
  42  5:01  Supply Depot  
  42  5:03  Supply Depot  
  42  5:04  Marine x3  
  45  5:11  SCV x2  
  47  5:22  Marine x3  
  47  5:23  SCV x2, Starport Tech Lab  
  47  5:26  Factory Tech Lab  
  47  5:28  Siege Tank  
  56  5:35  SCV  
  56  5:36  SCV  
  56  5:40  Marine x2  
  59  5:46  Siege Tank  
  59  5:47  SCV  
  59  5:49  Command Center  
  63  5:57  Cloaking Field  
  63  6:14  Siege Tank  
  66  6:54  Siege Tank x2  
  72  7:02  Barracks  
  72  7:03  Barracks  
  72  7:04  Barracks  
  72  7:05  Barracks x2  
  72  7:26  Marine x2  
  72  7:27  Marine  
  75  7:40  Medivac  
  77  7:44  Marine x3  
  80  7:53  Barracks  
  80  7:59  Barracks Reactor x2  
  80  8:00  Barracks Reactor  
  80  8:09  Barracks Reactor  
  80  8:10  Barracks Reactor, Medivac  
  82  8:13  Engineering Bay  
  82  8:15  Engineering Bay  
  82  8:24  Siege Tank x2  
  88  8:40  Medivac  
  90  8:48  Marine x7  
  93  8:49  Marine x4  
  101  8:57  Orbital Command  
  101  9:17  Marine x2, Siege Tank x2  
  101  9:18  Marine x8  
  101  9:23  Marine x3  
  105  9:35  Marine x9  
  93  9:40  Marine  
  93  9:41  Marine  
  93  9:49  Siege Tank x2  
  88  10:22  Siege Tank  
  91  10:30  Siege Tank  
  91  10:34  Terran Infantry Armor Level 1, Terran Infantry Weapons Level 1  
  94  10:40  Armory  
  94  10:43  Command Center  
  94  10:46  Armory, SCV x2  
  94  10:47  Factory x2  
  96  10:50  Factory  
  96  10:54  Siege Tank  
  99  10:58  SCV x2  
  101  11:10  SCV  
  102  11:16  Barracks Reactor  
  102  11:26  Supply Depot  
  102  11:27  Supply Depot  
  102  11:31  Supply Depot  
  102  11:32  Supply Depot  
  102  11:43  Factory Tech Lab  
  102  11:45  Factory Tech Lab  
  102  11:48  Marine x12, SCV  
  102  11:49  Siege Tank  
  102  11:52  Supply Depot, Marine  
  102  11:53  Terran Vehicle And Ship Armor Level 1, Terran Vehicle Weapons Level 1  
  119  11:55  Factory Tech Lab  
  119  11:57  Orbital Command  
  119  11:59  SCV  
  119  12:00  SCV  
  121  12:06  Marine x10  
  131  12:10  Marine  
  131  12:11  SCV  
  131  12:12  SCV  
  134  12:38  Terran Infantry Weapons Level 2, Terran Infantry Armor Level 2  
  124  12:46  Thor x4  
  124  12:47  Thor  
  154  13:14  Marine x3  
  157  13:30  Marine  
  157  13:31  Marine x2  
  157  13:32  Marine x5  
  157  13:33  Marine x7  
  117  13:48  Marine  
  117  13:49  Marine x3  
  117  13:50  Marine x5  
  117  13:51  Marine x4  
  127  14:12  Marine  
  127  14:13  Marine x14  
  130  14:30  Marine  
  83  14:39  Marine x4  
  83  14:40  Marine x10  
  83  14:44  Thor x2  
  108  14:48  Marine  
  102  14:57  Marine x10  
  102  14:58  Marine x3  
  102  14:59  Marine  
  116  15:06  Marine  
Show
View Real Time Build Order
Export as new Build Order

MrFercho Zerg - Winner!

Build Orders: Hatch First, Brood Lord Corruptor, Lurkers 

Get SALT Encoding   

  12  0:01  Drone  
  13  0:13  Overlord  
  13  0:17  Drone  
  14  0:31  Drone x2  
  16  0:52  Drone  
  16  0:53  Hatchery  
  16  1:00  Drone x2  
  18  1:06  Extractor  
  17  1:17  Spawning Pool  
  17  1:18  Drone  
  17  1:22  Drone  
  18  1:28  Drone  
  19  1:39  Overlord  
  19  1:51  Drone  
  20  2:05  Queen x2  
  20  2:07  Zergling x2  
  20  2:08  Zergling x2  
  26  2:19  Drone x2  
  28  2:35  Drone x3  
  28  2:37  Drone  
  32  2:51  Metabolic Boost  
  32  2:55  Drone x3  
  35  2:59  Overlord  
  35  3:06  Drone  
  35  3:10  Overlord  
  36  3:17  Queen  
  38  3:27  Baneling Nest, Drone x2  
  38  3:28  Drone x6  
  38  3:31  Extractor x2  
  43  3:44  Drone x2  
  45  4:02  Zergling x6, Evolution Chamber  
  48  4:03  Zergling x4  
  49  4:24  Hatchery  
  49  4:30  Zerg Melee Weapons Level 1  
  48  4:49  Drone x4  
  48  4:51  Overlord  
  52  4:53  Overlord x2  
  52  4:57  Overlord x3  
  52  5:02  Lair  
  52  5:05  Hatchery  
  52  5:06  Drone  
  52  5:07  Extractor  
  51  5:18  Baneling x4  
  51  5:31  Drone  
  52  5:43  Pneumatized Carapace  
  52  5:51  Drone x3  
  52  5:55  Drone  
  56  5:58  Drone x7  
  56  6:02  Drone x3  
  66  6:30  Zerg Missile Weapons Level 1  
  66  6:46  Infestation Pit  
  65  6:47  Hydralisk Den  
  64  7:06  Zergling x18  
  64  7:07  Zergling x6  
  76  7:17  Muscular Augments  
  76  7:22  Lurker Den  
  75  7:24  Hive  
  75  7:25  Hydralisk x8, Spire  
  75  7:27  Overlord  
  75  7:28  Overlord x2  
  90  7:38  Centrifical Hooks  
  90  7:41  Evolution Chamber  
  89  7:53  Hydralisk  
  89  7:54  Hydralisk x7  
  89  7:57  Zergling x10  
  89  7:58  Zergling x8  
  114  8:01  Queen  
  116  8:28  Overlord x2  
  116  8:29  Overlord x3, Grooved Spines  
  116  8:31  Drone  
  116  8:32  Drone x9  
  126  8:35  Extractor  
  126  8:36  Extractor  
  124  8:42  Greater Spire  
  124  8:44  Seismic Spines, Hydralisk  
  124  8:47  Zergling x2  
  124  8:48  Zergling x10, Hatchery  
  91  9:41  Adaptive Talons  
  91  9:51  Hydralisk x2  
  91  9:52  Hydralisk x14  
  115  10:16  Hydralisk  
  115  10:17  Hydralisk x8  
  113  10:23  Zerg Missile Weapons Level 2, Zerg Ground Armor Level 1  
  113  10:30  Zerg Flyer Weapons Level 1  
  113  10:38  Drone x7  
  113  10:42  Drone x5  
  125  11:01  Spore Crawler  
  124  11:05  Spore Crawler  
  124  11:06  Spine Crawler x2  
  121  11:32  Corruptor x10  
  123  11:34  Hydralisk  
  123  11:35  Hydralisk  
  145  11:40  Extractor  
  145  11:41  Extractor, Drone x5  
  145  11:42  Drone x4  
  145  11:44  Overlord  
  152  12:08  Brood Lord x3  
  158  12:11  Lurker  
  150  12:44  Drone x3  
  150  12:45  Drone x3  
  150  12:47  Drone x2  
  150  12:49  Drone x2  
  150  12:50  Drone  
  160  12:57  Zerg Flyer Weapons Level 2  
  160  13:02  Brood Lord x2  
  160  13:03  Brood Lord  
  166  13:10  Lurker x5  
  171  13:14  Zergling x6  
  171  13:15  Zergling x32  
  132  14:25  Hydralisk x18  
  132  14:26  Hydralisk x5  
  160  14:51  Hydralisk x11  
Tags
 
League
GoldGold
Matchup
TvZ
Replay Pack
MrFercho
Spawn Locations
Close Positions
Add a new tag
Caveats
  • Supply blocks, unpowered buildings, or Contaminate may cause inaccurate times.
  • Supply counts are checked every 10 seconds.